 Dungeon Crawl Stone Soup version 0.31.0-12-g77e489cdc1 (webtiles) character file.

Game seed: 10820961966684340941

4309 hawla the Protected (level 10, -2/133 HPs)
             Began as a Minotaur Fighter on Feb 17, 2024.
             Was an Initiate of Yredelemnul.
             Slain by an orc warlord
             ... wielding a +5 broad axe
              (3 damage)
             ... in a bailey.
             The game lasted 00:23:08 (9636 turns).

hawla the Protected (Minotaur Fighter)              Turns: 9636, Time: 00:23:10

Health: -2/133     AC: 29    Str: 24    XL:     10   Next: 11%
Magic:  0/13       EV:  2    Int:  9    God:    Yredelemnul [......]
Gold:   1167       SH:  4    Dex:  9    Spells: 9/9 levels left

rFire   + . .        l - +0 broad axe (freeze)
rCold   + . .        c - +0 buckler
rNeg    . . .        n - melded +3 scale mail {rF+}
rPois   +            (helmet currently unavailable)
rElec   +            I - melded scarf {repulsion}
rCorr   +            (gloves currently unavailable)
SInv    .            (boots currently unavailable)
Will    .....        t - amulet of guardian spirit
Stlth   +            k - +4 ring of protection
HPRegen 0.42/turn    w - ring of poison resistance
MPRegen 0.13/turn

%: guardian spirit
@: tree-form, resistant, invisible
A: stationary, stasis, torment immunity, boosted hp, (horns 2), (retaliatory
headbutt), clever 1, robust 1, (teleportitis 1), evolution 1
a: Renounce Religion, Recall Undead Harvest


You were in a bailey.
You worshipped Yredelemnul.
Yredelemnul was noncommittal.
You were a tree.
You visited 2 branches of the dungeon, and saw 11 of its levels.
You also visited: Bailey.

You collected 1167 gold pieces.

Inventory:

Hand Weapons
 l - a +0 broad axe of freezing (weapon)
Missiles
 F - 14 poisoned darts (quivered)
Armour
 c - a +0 buckler (worn)
 n - a +3 scale mail of fire resistance (melded)
 I - a scarf of repulsion (melded)
Jewellery
 d - a ring of ice
 k - a +4 ring of protection (left branch)
 r - a ring of positive energy
 t - an amulet of guardian spirit (around neck)
 w - a ring of poison resistance (right branch)
Wands
 o - a wand of digging (6)
 B - a wand of polymorph (11)
Scrolls
 f - 5 scrolls of fog
 y - a scroll of vulnerability
 D - a scroll of immolation
Potions
 a - a potion of might
 b - 2 potions of invisibility
 i - a potion of brilliance {unknown}
 m - 4 potions of mutation
 s - 2 potions of berserk rage {unknown}
 A - a potion of enlightenment {unknown}
 E - a potion of cancellation {unknown}
 G - 3 potions of magic {unknown}
 H - a potion of haste {unknown}


   Skills:
 - Level 5.0 Fighting
 - Level 2.4 Axes
 - Level 6.0 Throwing
 - Level 10.0 Armour
 - Level 8.0 Dodging
 - Level 5.0 Shields
 + Level 5.9 Invocations
 - Level 3.0 Evocations


You had 9 spell levels left.
You didn't know any spells.
Your spell library was empty.

Dungeon Overview and Level Annotations

Branches:
Dungeon (10/15)            Temple (1/1) D:6            Lair (0/5) D:9
    Orc (0/2) D:10         Bailey (1/1)

Altars:
Ashenzari
Cheibriados
Dithmenos
Elyvilon
Fedhas
Gozag
Hepliaklqana
Kikubaaqudgha
Makhleb
Nemelex Xobeh
Okawaru
Qazlal
Ru
Sif Muna
Trog
Uskayaw
Vehumet
Wu Jian
Xom
Yredelemnul
Zin
The Shining One

Shops:
D:4 (

Portals:
Abyss: D:8

Annotations:
D:5 3 runed translucent doors, rozman's ghost, amateur GnSh
D:8 2 transporters, Erica; rozman's ghost, novice HOFi


Innate Abilities, Weirdness & Mutations

You are a tree.
Your roots penetrate the ground, keeping you stationary.
You cannot be teleported.
You are immune to unholy pain and torment.
Your maximum health is greatly increased.
Your equipment is partially melded.
((You have a pair of horns on your head.))
((You reflexively headbutt those who attack you in melee.))
Your mind is acute. (Int +4, Str/Dex -1)
You are robust. (+10% HP)
((You are occasionally teleported next to monsters.))
You have hidden genetic potential.


Message History

You fade into invisibility!
The orc warlord hits you with a +5 broad axe.
* * * LOW HITPOINT WARNING * * *
Okay, then.
Okay, then.
As you read the scroll of torment, it crumbles to dust.
You feel a surge of unholy energy.
The gnoll convulses!
The orc warlord convulses!
Flame seeps out of the orc warlord.
The gnoll hits you but does no damage.
The orc warlord is engulfed in blazing flames.
Flame seeps out of the orc warlord.
The orc warlord hits you but does no damage.
Unknown command.
As you read the scroll of torment, it crumbles to dust.
You feel a surge of unholy energy.
The gnoll convulses!
The orc warlord convulses!
Flame seeps out of the orc warlord.
The gnoll hits you but does no damage.
The orc warlord is engulfed in blazing flames.
Flame seeps out of the orc warlord.
The orc warlord hits you but does no damage.
Unknown command.
You slash the gnoll! You freeze the gnoll.
You kill the gnoll!
You hit the orc warlord but do no damage.
The orc warlord is engulfed in blazing flames.
Flame seeps out of the orc warlord.
The orc warlord hits you but does no damage.
Unknown command.
Okay, then.
You feel protected.
The orc warlord hits you with a +5 broad axe.
* * * LOW HITPOINT WARNING * * *
You strike the helpless orc warlord from behind!
You hit the orc warlord but do no damage.
The orc warlord is almost dead.
The orc warlord hits you with a +5 broad axe!!
* * * LOW HITPOINT WARNING * * *
The orc warlord hits you with a +5 broad axe.
You die...
Your body rises from the dead as a mindless zombie.

#####)..##~8.8.,,8.8##
#####....#~....,,..?~#
####.....#~~#~.,,..}~#
###...)..####~~~*~~~*#
##...8......###**##*#.
##..........'..,,,',..
##..........#~~~~~*...
##.o8..8...#~~~~~*,,,
##.♣)....##~~~~~**,,
##.....##,,,,,,,**,
##...##,,,,,,,,,**
#####***,,,,,****
***∩*** ***


You could see an orc warlord (inner flame, unable to see you).

Vanquished Creatures
  An orc knight (Bailey)
  A shadow (D:6)
  A wyvern (D:7)
  Menkaure (D:4)
  An ice beast (D:7)
  2 sky beasts
  3 orc warriors (Bailey)
  4 black bears
  An ogre (D:5)
  A centaur (D:9)
  4 bullfrogs
  2 kobold brigands
  A gnoll sergeant (D:6)
  2 scorpions
  12 killer bees (D:9)
  A howler monkey (D:9)
  A hound (D:5)
  2 jellies
  A sleepcap (D:4)
  4 orc priests
  Terence (D:2)
  Natasha (twice) (D:2)
  5 iguanas
  7 orc wizards
  Robin (D:2)
  10 adders
  15 gnolls
  A shadow imp (D:5)
  2 ribbon worms (D:4)
  28 orcs
  4 endoplasms
  7 giant cockroaches
  18 goblins
  9 hobgoblins
  9 jackals
  19 kobolds
  7 quokkas
  3 ball pythons
  7 bats
  A frilled lizard (D:1)
  4 rats
  A spectral orc (Bailey)
207 creatures vanquished.

Vanquished Creatures (collateral kills)
  A shadow (D:9)
  A killer bee (D:9)
  A gnoll (Bailey)
  3 orcs
  A goblin (Bailey)
  A hobgoblin (Bailey)
  4 kobolds
12 creatures vanquished.

Vanquished Creatures (others)
  2 bullfrog zombies
  2 killer bee zombies (D:9)
  A goblin zombie (Bailey)
  2 hobgoblin zombies (Bailey)
  4 kobold zombies (Bailey)
  7 orc zombies
18 creatures vanquished.

Grand Total: 237 creatures vanquished

Notes
Turn   | Place    | Note
-------+----------+-------------------------------------------
     0 | D:1      | hawla the Minotaur Fighter began the quest for the Orb.
     0 | D:1      | Reached XP level 1. HP: 19/19 MP: 0/0
   446 | D:1      | Reached XP level 2. HP: 27/27 MP: 1/1
  1226 | D:2      | Found a hide-covered altar of Uskayaw.
  1293 | D:2      | Noticed Terence
  1308 | D:2      | Killed Terence
  1309 | D:2      | Reached XP level 3. HP: 9/34 MP: 2/2
  1436 | D:2      | Noticed Natasha
  1441 | D:2      | Killed Natasha
  1442 | D:2      | Reached skill level 5 in Fighting
  1442 | D:2      | Reached skill level 5 in Shields
  1442 | D:2      | Reached XP level 4. HP: 38/42 MP: 3/3
  1513 | D:2      | Found a faded altar of an unknown god.
  1513 | D:2      | Noticed Natasha
  1522 | D:2      | Killed Natasha
  1523 | D:2      | Reached skill level 1 in Dodging
  1765 | D:2      | Noticed Robin
  1786 | D:2      | Killed Robin
  1787 | D:2      | Reached XP level 5. HP: 48/48 MP: 4/4
  2589 | D:4      | Found Saikkuvit's Antique Weapon Emporium.
  2590 | D:4      | Noticed a black bear
  2609 | D:4      | Noticed Menkaure
  2611 | D:4      | Killed a black bear
  2612 | D:4      | Reached skill level 5 in Dodging
  2612 | D:4      | Reached XP level 6. HP: 27/56 MP: 5/5
  2619 | D:4      | Killed Menkaure
  2833 | D:4      | Reached XP level 7. HP: 51/61 MP: 6/6
  3317 | D:5      | Entered Level 5 of the Dungeon
  3394 | D:5      | Found a blossoming altar of Fedhas.
  3435 | D:5      | Found an ornate altar of the Wu Jian Council.
  3438 | D:5      | Found a hazy altar of Hepliaklqana.
  3438 | D:5      | Found a shimmering altar of Xom.
  3440 | D:5      | Found an ancient bone altar of Kikubaaqudgha.
  3440 | D:5      | Found a glowing silver altar of Zin.
  3568 | D:5      | Reached skill level 1 in Throwing
  3907 | D:5      | Reached XP level 8. HP: 47/68 MP: 7/7
  4445 | D:5      | Found a runed translucent gate.
  4446 | D:5      | Found a runed translucent gate.
  4447 | D:5      | Found an opulent altar of Gozag.
  4448 | D:5      | Found a runed translucent gate.
  4467 | D:5      | Reached skill level 5 in Throwing
  4568 | D:5      | Noticed rozman's ghost (amateur GnSh)
  5218 | D:6      | Reached skill level 4 in Armour
  5530 | D:6      | Reached skill level 5 in Armour
  5635 | D:6      | Found a staircase to the Ecumenical Temple.
  5643 | D:6      | Reached skill level 6 in Armour
  5823 | Temple   | Entered the Ecumenical Temple
  5837 | Temple   | Became a worshipper of Yredelemnul the Dark
  6425 | D:7      | Reached * piety under Yredelemnul
  6451 | D:7      | Reached skill level 7 in Armour
  6472 | D:7      | Reached XP level 9. HP: 43/74 MP: 3/8
  6843 | D:7      | Reached ** piety under Yredelemnul
  6844 | D:7      | Reached skill level 8 in Armour
  7094 | D:8      | Found a one-way gate to the infinite horrors of the Abyss.
  7094 | D:8      | Noticed rozman's ghost (novice HOFi)
  7123 | D:8      | Found a transporter.
  7125 | D:8      | Found a transporter.
  7257 | D:8      | Found a broken altar of Ashenzari.
  7373 | D:8      | Reached skill level 9 in Armour
  7730 | D:8      | Noticed Erica
  7749 | D:8      | HP: 3/74 [Erica/+2 scimitar of flaming (6)]
  8118 | D:9      | Reached skill level 10 in Armour
  8123 | D:9      | Reached skill level 1 in Evocations
  8347 | D:9      | Found a staircase to the Lair.
  8460 | D:9      | Reached skill level 1 in Invocations
  8911 | D:9      | Reached *** piety under Yredelemnul
  9115 | D:10     | Entered Level 10 of the Dungeon
  9189 | D:10     | Found a flagged portal.
  9205 | Bailey   | Entered a bailey
  9213 | Bailey   | Noticed an orc warlord
  9260 | Bailey   | Noticed an orc knight
  9273 | Bailey   | Gained mutation: You are robust. (+10% HP) [potion of
                  | mutation]
  9273 | Bailey   | Gained mutation: Your mind is acute. (Int +4, Str/Dex -1)
                  | [potion of mutation]
  9273 | Bailey   | Gained mutation: You are occasionally teleported next to
                  | monsters. [potion of mutation]
  9273 | Bailey   | Gained mutation: You have hidden genetic potential. [potion
                  | of mutation]
  9289 | Bailey   | HP: 3/121 [orc knight/+0 war axe (11)]
  9292 | Bailey   | Killed an orc knight
  9293 | Bailey   | Reached skill level 5 in Invocations
  9293 | Bailey   | Reached XP level 10. HP: 8/89 MP: 0/13
  9548 | Bailey   | Found a runed translucent gate.
  9551 | Bailey   | Found a runed translucent gate.
  9552 | Bailey   | Found a runed translucent gate.
  9604 | Bailey   | Identified a scroll of acquirement
  9604 | Bailey   | Acquired 703 gold pieces
  9636 | Bailey   | HP: 1/133 [orc warlord/+5 broad axe (16)]
  9636 | Bailey   | Slain by an orc warlord

Illustrated notes

Levels and vault maps discovered:
D:1:      roderic_crossed_star, layout_loops_corners, serial_co_window_serial,
          co_window_paths_a, co_window_paths_a, co_window_paths_a,
          co_window_cross_1, co_window_of_opportunity_a, co_window_corner_a,
          co_window_of_opportunity_a, co_window_of_opportunity_a,
          co_window_paths_a, co_window_paths_c, co_window_corner_cb,
          co_window_corner_cb, co_window_broadway_b, co_window_corner_ca,
          co_window_paths_d, glass_columns_a, glass_columns_a, glass_columns_a
D:2:      layout_basic, shapermc_ecumenical_altar_starsandcircs, basic_altar,
          grunt_decor_clamped, uniq_terence, uniq_natasha, uniq_robin
D:3:      wander_river, layout_rooms, grunt_ministairs_8
D:4:      layout_cave_pools, serial_shops, nicolae_shop_tiny_statue_garden,
          uniq_menkaure
D:5:      layout_layer_cave, mainiacjoe_overflow_six_doors_small,
          grunt_temple_overflow_open, ebering_ghost_gozag
D:6:      layout_loops_corners, minmay_temple_entry_drinking_statues,
          serial_glass, glass_columns_c, glass_columns_b
D:7:      layout_basic
D:8:      layout_cave_pods, ashenzari_altar_1, gammafunk_ghost_abyssal_escape,
          serial_bayou, serial_bayou_pond_e, serial_bayou_lake_a,
          serial_bayou_pond_d, serial_bayou_crossing, uniq_erica
D:9:      layout_loops_cross, lair_entry_dummy
D:10:     layout_gridville, erik_orc_4, enter_bailey_7
Temple:   bh_familiar_temple
Bailey:   bailey_axe_bossmonster_kennysheep, bailey

Skill      XL: |  1  2  3  4  5  6  7  8  9 |
---------------+----------------------------+-----
Fighting       | 4 5 |  5.0
Shields        | 4 5 |  5.0
Dodging        | 2 5 6 8 |  8.0
Throwing       | 3 6 |  6.0
Armour         | 7 10 | 10.0
Evocations     | 3 |  3.0
Invocations    | 5 |  5.9
Axes           | |  2.4

Action                     |  1- 3 |  4- 6 |  7- 9 | 10-12 || total
---------------------------+-------+-------+-------+-------++-------
  Melee: War axe           |    59 |   107 |   280 |       ||   446
         Headbutt          |     9 |    20 |    43 |     1 ||    73
         Broad axe         |       |       |    41 |     6 ||    47
  Throw: Dart              |       |       |     7 |       ||     7
         Throwing net      |       |       |     1 |       ||     1
 Invoke: Recall Undead Har |       |       |     2 |       ||     2
  Evoke: Wand              |       |       |       |     1 ||     1
    Use: Scroll            |     1 |       |    20 |     6 ||    27
         Potion            |       |     1 |     9 |     3 ||    13
   Stab: Confused          |       |       |     1 |       ||     1
         Petrifying        |       |       |     1 |       ||     1
         Petrified         |       |       |     1 |       ||     1
         Invisible         |       |       |       |     1 ||     1
 Armour: Scale mail        |    40 |   133 |   369 |    12 ||   554
         Skin              |       |       |     6 |    10 ||    16
  Dodge: Dodged            |    31 |    78 |   260 |     6 ||   375
  Block: Buckler           |    14 |    32 |   106 |     2 ||   154
